[Event "Titled Tuesday Blitz May 23 Early 2023"]
[White "Acikel, Mert"]
[Black "Rottenwohrer Suarez, Juan"]
[WhiteFideId "12956465"]
[BlackFideId "32068182"]
[WhiteElo "2097"]
[BlackElo "2174"]
[Result "1/2-1/2"]
[Round "02"]
[TimeControl "180+2"]
[Date "2023.05.23"]
[WhiteClock "0:00:15"]
[BlackClock "0:00:12"]

1. e4 c5 2. Nf3 g6 3. c3 d5 4. exd5 Qxd5 5. d4 Bg7 6. Be3 cxd4 7. Bxd4 Nf6 8. Qb3 O-O 9. Bc4 Qe4+ 10. Be2 Be6 11. Qd1 Nc6 12. Nbd2 Qd5 13. Be3 Ng4 14. Bf4 Nge5 15. O-O Nd3 16. Be3 Rfd8 17. Qc2 Bf5 18. Qb3 Qxb3 19. axb3 Nxb2 20. Rfc1 Nd3 21. Bxd3 Bxd3 22. b4 a6 23. Nb3 Be2 24. Nc5 Bxf3 25. gxf3 Rab8 26. Rab1 Ne5 27. Kg2 Nd3 28. Rd1 Nxc5 29. Bxc5 e6 30. c4 Rbc8 31. Be7 Rxd1 32. Rxd1 Bf8 33. Rd7 Bxe7 34. Rxe7 Rxc4 35. Rxb7 Kg7 36. Rb6 h5 37. Rxa6 Rxb4 38. Ra5 Kf6 39. Rc5 Rb7 40. Ra5 Rd7 41. Rb5 Rd5 42. Rb4 Kf5 43. h3 e5 44. Ra4 Rd4 45. Ra6 f6 46. Rb6 Kg5 47. Rb5 Rd6 48. Rc5 Re6 49. Rd5 Kf4 50. Ra5 Rc6 51. Ra4+ Kf5 52. Ra5 Rd6 53. Ra4 Re6 54. Rb4 Re7 55. Rc4 Re8 56. Rb4 Ra8 57. Rc4 Ke6 58. Rc6+ Kf5 59. Rc4 Ra5 60. Rc6 Rd5 61. Rc4 Rd4 62. Rc6 Kg5 63. Rc5 Rf4 64. Kg3 h4+ 65. Kg2 Rd4 66. Rb5 Kf5 67. Rb6 g5 68. Rb8 Kg6 69. Rb6 Rf4 70. Re6 Kf5 71. Re8 Rd4 72. Re7 Rd2 73. Rb7 Rc2 74. Rb4 Rc5 75. Ra4 Rd5 76. Re4 Rd4 77. Re2 Kf4 78. Ra2 f5 79. Ra5 Rd3 80. Ra4+ e4 81. fxe4 fxe4 82. Ra8 Rd2 83. Rf8+ Ke5 84. Re8+ Kf5 85. Re7 Re2 86. Re8 e3 87. Rxe3 Rxe3 88. fxe3 Ke4 89. Kf2 Ke5 90. Kf3 Kf5 91. e4+ Ke5 92. Kg4 Kxe4 93. Kxg5 Ke5 94. Kxh4 Kf6 95. Kg4 Kg7 96. h4 Kg8 97. h5 Kh8 98. h6 Kg8 99. h7+ Kh8 100. Kf5 Kxh7 1/2-1/2


[Site "https://www.chess.com"]

[Event "Titled Tuesday Blitz May 23 Early 2023"]
[White "Srdanovic, Jovana"]
[Black "ritanovikova"]
[WhiteFideId "954810"]
[WhiteElo "2169"]
[BlackElo "2167"]
[Result "1-0"]
[Round "02"]
[TimeControl "180+2"]
[Date "2023.05.23"]
[WhiteClock "0:00:48"]
[BlackClock "0:00:21"]

1. d4 d5 2. c4 e6 3. Nc3 Bb4 4. Nf3 c6 5. cxd5 exd5 6. Bd2 Nf6 7. e3 O-O 8. Bd3 Bg4 9. h3 Bh5 10. Qc2 Bg6 11. Ne5 Bxd3 12. Qxd3 Nbd7 13. f4 Bxc3 14. Bxc3 Ne4 15. O-O Nxe5 16. fxe5 Qg5 17. Bb4 Rfe8 18. Rf4 a5 19. Ba3 b5 20. b3 b4 21. Bb2 f6 22. exf6 Nxf6 23. Raf1 Re4 24. Bc1 Rae8 25. Bd2 Rxf4 26. Rxf4 Ne4 27. Be1 Nf6 28. Bh4 Qh6 29. Bxf6 gxf6 30. Kf2 Kf7 31. Qa6 Qg6 32. Qxc6 Qg5 33. Qc7+ Re7 34. Qxa5 Qg6 35. Qxd5+ Kg7 36. Rg4 1-0


[Site "https://www.chess.com"]

[Event "Titled Tuesday Blitz May 23 Early 2023"]
[White "KSho99"]
[Black "Jumanov, Elbek"]
[BlackFideId "14202905"]
[WhiteElo "2149"]
[BlackElo "2055"]
[Result "1-0"]
[Round "02"]
[TimeControl "180+2"]
[Date "2023.05.23"]
[WhiteClock "0:00:03"]
[BlackClock "0:00:00"]

1. Nf3 c5 2. e4 e6 3. c3 d5 4. exd5 Qxd5 5. d4 Nc6 6. Na3 cxd4 7. Nb5 Qd8 8. Nbxd4 Bd7 9. Bd3 Nf6 10. O-O Be7 11. Qe2 O-O 12. Rd1 Qc7 13. Nxc6 Bxc6 14. Ne5 Rfd8 15. Bf4 Bd6 16. Bg3 Rac8 17. Nxc6 Qxc6 18. Bh4 Be7 19. Bc2 Qc4 20. Rxd8+ Bxd8 21. Qxc4 Rxc4 22. Rd1 Rc8 23. Bxf6 Bxf6 24. Rd7 b5 25. Rxa7 b4 26. g3 bxc3 27. bxc3 Bxc3 28. Be4 g6 29. a4 Kg7 30. a5 Bd4 31. Rd7 Rc4 32. Bd3 Ra4 33. a6 e5 34. Kg2 Ra2 35. Kf3 Rxf2+ 36. Ke4 Rxh2 37. a7 Bxa7 38. Rxa7 Rg2 39. Bc4 Rxg3 40. Rxf7+ Kh6 41. Re7 Rg4+ 42. Kd5 Rd4+ 43. Kc5 Re4 44. Bg8 Kg5 45. Rxh7 Kf4 46. Rh4+ Ke3 47. Rh3+ Kf2 48. Rh6 g5 49. Rg6 g4 50. Kd5 Ra4 51. Kxe5 g3 52. Bd5 Ra5 53. Kd4 Ra4+ 54. Ke5 Ra5 55. Kd4 1-0


[Site "https://www.chess.com"]

[Event "Titled Tuesday Blitz May 23 Early 2023"]
[White "Larina, Maria"]
[Black "Gurevich, Dmitry"]
[WhiteFideId "24113182"]
[BlackFideId "2000407"]
[WhiteElo "1848"]
[BlackElo "2506"]
[Result "0-1"]
[Round "02"]
[TimeControl "180+2"]
[Date "2023.05.23"]
[WhiteClock "0:00:04"]
[BlackClock "0:00:07"]

1. e4 c5 2. Nc3 g6 3. g3 Bg7 4. Bg2 Nc6 5. d3 Rb8 6. Be3 d6 7. Qd2 b5 8. Nge2 b4 9. Nd1 h5 10. Bg5 f6 11. Be3 h4 12. h3 hxg3 13. fxg3 Nh6 14. Nf2 Nf7 15. Nf4 Nfe5 16. c3 bxc3 17. bxc3 Qd7 18. Qe2 Ba6 19. O-O Bh6 20. Nd5 Bg7 21. Rfb1 Kf7 22. Qd2 Rh7 23. Qc2 Rbh8 24. Rb2 Rxh3 25. Nxh3 Bxd3 26. Qd2 Rxh3 27. Bxh3 Qxh3 28. Qg2 Qg4 29. Re1 Bxe4 30. Qe2 Nf3+ 31. Kf2 Bxd5 32. Rb7 Qh3 0-1


[Site "https://www.chess.com"]

[Event "Titled Tuesday Blitz May 23 Early 2023"]
[White "Mouhamad, Joachim"]
[Black "Ciuffoletti, Paolo"]
[WhiteFideId "656410"]
[BlackFideId "807630"]
[WhiteElo "2125"]
[BlackElo "2143"]
[Result "1-0"]
[Round "02"]
[TimeControl "180+2"]
[Date "2023.05.23"]
[WhiteClock "0:00:15"]
[BlackClock "0:00:00"]

1. e4 c5 2. Nf3 Nc6 3. d4 cxd4 4. Nxd4 Nf6 5. Nc3 e5 6. Ndb5 d6 7. Bg5 a6 8. Na3 b5 9. Nd5 Be7 10. Bxf6 Bxf6 11. c3 O-O 12. Nc2 Rb8 13. Be2 Bg5 14. O-O a5 15. a3 Ne7 16. Nce3 Bxe3 17. Nxe3 Be6 18. Nd5 Bxd5 19. exd5 f5 20. f4 exf4 21. Rxf4 Ng6 22. Rf2 Ne5 23. Qd4 b4 24. axb4 axb4 25. cxb4 Qc7 26. b5 f4 27. Rxf4 Rxf4 28. Qxf4 Qc2 29. Bf1 Qxb2 30. Rd1 Qc2 31. Qd2 Qc5+ 32. Qd4 Qa3 33. Rb1 Qa2 34. Rd1 Qc2 35. Qd2 Qc5+ 36. Qd4 Qa3 37. Rb1 Qa2 38. Qb2 Qxd5 39. b6 Ng4 40. Qb3 Qxb3 41. Rxb3 Ne5 42. Be2 Kf7 43. Kf2 Ke6 44. Ke3 Kd5 45. b7 Nc4+ 46. Bxc4+ Kxc4 47. Rb1 1-0


[Site "https://www.chess.com"]

[Event "Titled Tuesday Blitz May 23 Early 2023"]
[White "dDobravcan"]
[Black "Mackster23"]
[WhiteElo "2130"]
[BlackElo "2440"]
[Result "0-1"]
[Round "02"]
[TimeControl "180+2"]
[Date "2023.05.23"]
[WhiteClock "0:00:00"]
[BlackClock "0:00:04"]

1. d4 d5 2. Nc3 Nf6 3. Bf4 e6 4. e3 Bd6 5. Nf3 O-O 6. Bd3 c5 7. dxc5 Bxc5 8. O-O Nc6 9. e4 d4 10. Na4 Nh5 11. Bd2 Bd6 12. Re1 Nf4 13. Bf1 Ng6 14. c3 dxc3 15. Bxc3 Qe7 16. a3 Rd8 17. Qb3 b6 18. e5 Bc7 19. Rac1 Bb7 20. Qc4 Rac8 21. Qg4 a6 22. b4 Na7 23. Bd4 Bxf3 24. gxf3 h5 25. Qe4 Nb5 26. Bxb6 Bxb6 27. Nxb6 Rxc1 28. Rxc1 Qg5+ 29. Bg2 Qxc1+ 30. Bf1 Nf4 31. Nc4 Rd1 32. Qa8+ Kh7 33. Ne3 Nc3 34. Qxa6 Rxf1+ 35. Nxf1 Nce2+ 0-1


[Site "https://www.chess.com"]

[Event "Titled Tuesday Blitz May 23 Early 2023"]
[White "Yeritsyan, Hayk"]
[Black "Cramling Bellon, Anna"]
[WhiteFideId "13307320"]
[BlackFideId "32009232"]
[WhiteElo "2439"]
[BlackElo "1976"]
[Result "1-0"]
[Round "02"]
[TimeControl "180+2"]
[Date "2023.05.23"]
[WhiteClock "0:01:11"]
[BlackClock "0:00:03"]

1. b3 e5 2. Bb2 Nc6 3. e3 Nf6 4. Bb5 Bd6 5. Nf3 e4 6. Nd4 a6 7. Be2 Nxd4 8. Bxd4 c5 9. Bb2 Bc7 10. c4 b5 11. Nc3 b4 12. Nd5 Nxd5 13. cxd5 Qg5 14. O-O Qxd5 15. d3 Qd6 16. g3 Bb7 17. dxe4 Bxe4 18. Qxd6 Bxd6 19. Bxg7 Rg8 20. Bb2 f5 21. Rfd1 Ke7 22. Rd2 f4 23. Rad1 Rg6 24. exf4 Ra7 25. Bh5 Rh6 26. Bg4 Rg6 27. f3 Bc6 28. f5 Rg8 29. Rxd6 h5 30. Bf6+ Kf7 31. Bxh5+ Kf8 32. Rxc6 dxc6 33. Rd8# 1-0


[Site "https://www.chess.com"]

[Event "Titled Tuesday Blitz May 23 Early 2023"]
[White "Pinto, Daniel"]
[Black "Winkels, Marcel"]
[WhiteFideId "3303144"]
[BlackFideId "1003887"]
[WhiteElo "2145"]
[BlackElo "1900"]
[Result "1-0"]
[Round "02"]
[TimeControl "180+2"]
[Date "2023.05.23"]
[WhiteClock "0:00:22"]
[BlackClock "0:00:00"]

1. e4 Nf6 2. Nc3 d5 3. exd5 Nxd5 4. Bc4 Nxc3 5. Qf3 e6 6. dxc3 Nc6 7. Bf4 Bd6 8. O-O-O Bxf4+ 9. Qxf4 Qe7 10. h4 Bd7 11. Qxc7 Rc8 12. Qg3 O-O 13. Nf3 a6 14. Ng5 b5 15. Qd3 g6 16. Qxd7 Qxd7 17. Rxd7 bxc4 18. Rhd1 h6 19. Ne4 Kg7 20. Nd6 Ne5 21. Nxc8 Nxd7 22. Rxd7 Rxc8 23. Ra7 Rc6 24. Kd2 e5 25. b4 cxb3 26. cxb3 Rf6 27. Ke3 Rc6 28. c4 Kf6 29. Rd7 Ke6 30. Rd5 f5 31. f4 e4 32. Kd4 Rb6 33. Re5+ Kf6 34. c5 Rc6 35. Kd5 Rc8 36. c6 g5 37. hxg5+ hxg5 38. g3 gxf4 39. gxf4 a5 40. Kd6 Rd8+ 41. Kc7 Rd3 42. Kb7 1-0


[Site "https://www.chess.com"]

[Event "Titled Tuesday Blitz May 23 Early 2023"]
[White "Putri, Regita Desyari"]
[Black "Toktomushev, Teimur"]
[WhiteFideId "7109083"]
[BlackFideId "14176726"]
[WhiteElo "1930"]
[BlackElo "2116"]
[Result "0-1"]
[Round "02"]
[TimeControl "180+2"]
[Date "2023.05.23"]
[WhiteClock "0:00:02"]
[BlackClock "0:00:09"]

1. d4 d5 2. c4 e6 3. Nf3 Nf6 4. g3 Bb4+ 5. Bd2 Be7 6. Qc2 O-O 7. Bg2 c6 8. O-O b6 9. Bf4 Ba6 10. b3 Nbd7 11. Nbd2 c5 12. e4 dxc4 13. bxc4 cxd4 14. Nxd4 Rc8 15. Rfd1 e5 16. Nf5 exf4 17. gxf4 Nh5 18. Qb3 Nxf4 19. Qg3 Ng6 20. Rac1 Qc7 21. Qb3 Bf6 22. Ne3 Nc5 23. Qb1 h5 24. Nd5 Qd6 25. Nf3 Ne5 26. Nd4 Ng4 27. f4 Bxd4+ 28. Rxd4 Ne6 29. Rdd1 Nxf4 30. Nxf4 Qxf4 31. h3 Qf2+ 32. Kh1 Ne3 33. Rg1 Rxc4 34. Rxc4 Bxc4 35. Qe1 Qxe1 36. Rxe1 Nxg2 37. Kxg2 Rd8 38. Kg3 Bxa2 39. Kf4 Be6 40. h4 Rd3 41. Ra1 a5 42. Rb1 Rb3 43. Rd1 a4 44. Rd8+ Kh7 45. Ra8 a3 46. Ke5 a2 47. Rxa2 Rb5+ 0-1


[Site "https://www.chess.com"]

[Event "Titled Tuesday Blitz May 23 Early 2023"]
[White "Ramirez Vido, Robert Yorisan"]
[Black "Sailer, Mike"]
[WhiteFideId "3513823"]
[BlackFideId "2012901"]
[WhiteElo "2434"]
[BlackElo "2109"]
[Result "1-0"]
[Round "02"]
[TimeControl "180+2"]
[Date "2023.05.23"]
[WhiteClock "0:00:16"]
[BlackClock "0:00:07"]

1. e4 d5 2. exd5 Qxd5 3. Nc3 Qd6 4. g3 Nf6 5. Bg2 c6 6. Nge2 Bf5 7. O-O e6 8. d3 Be7 9. Re1 O-O 10. Bf4 Qd8 11. Qd2 Nbd7 12. Nd4 h6 13. Nxf5 exf5 14. Bh3 Ng4 15. f3 Qb6+ 16. d4 Bf6 17. fxg4 Bxd4+ 18. Be3 Bxe3+ 19. Qxe3 Qxb2 20. Rab1 Qxc2 21. Re2 f4 22. gxf4 Qg6 23. Rxb7 Nf6 24. f5 Qh7 25. Rxa7 Rae8 26. Re7 Rb8 27. Qf4 Rbd8 28. Rd2 Ra8 29. Bg2 h5 30. g5 Nd5 31. Nxd5 cxd5 32. Bxd5 Rac8 33. g6 Qh6 34. Qxh6 gxh6 35. Rxf7 Rxf7 36. Bxf7+ Kg7 37. Bb3 Kf6 38. Be6 Rc3 39. Kg2 h4 40. h3 Rg3+ 41. Kh2 Re3 42. Rg2 Kg7 43. Bb3 Rc3 44. f6+ Kxf6 45. g7 1-0


[Site "https://www.chess.com"]

[Event "Titled Tuesday Blitz May 23 Early 2023"]
[White "LionKing2367890"]
[Black "Veleshnja, Zino"]
[BlackFideId "4701313"]
[WhiteElo "2098"]
[BlackElo "2216"]
[Result "0-1"]
[Round "02"]
[TimeControl "180+2"]
[Date "2023.05.23"]
[WhiteClock "0:00:00"]
[BlackClock "0:01:51"]

1. e4 c5 2. Nf3 d6 3. d4 cxd4 4. Nxd4 Nf6 5. f3 a6 6. c4 e5 7. Nc2 Be6 8. Nc3 Nbd7 9. Be3 Be7 10. Be2 O-O 11. O-O Rc8 12. b3 Nh5 13. Qd2 f5 14. Nd5 f4 15. Bf2 Bxd5 16. Qxd5+ Kh8 17. Qxb7 Nc5 18. Qd5 Nf6 19. Qd2 g5 20. Rfd1 Rg8 21. Bxc5 Rxc5 22. b4 Rc8 23. Qe1 g4 24. fxg4 Nxe4 25. Bf3 Qb6+ 26. c5 Nxc5 27. bxc5 Rxc5 28. Ne3 Rc3 29. Kh1 Rxe3 30. Qg1 h5 31. h3 hxg4 32. hxg4 Rg7 33. Qf2 Bh4 34. Qxh4+ Rh7 35. Qxh7+ Kxh7 36. Rab1 Qc5 37. Rb7+ Kg6 38. Rd7 e4 39. R7xd6+ Kg7 40. Rd7+ Kf6 41. R7d6+ Ke5 0-1


[Site "https://www.chess.com"]

[Event "Titled Tuesday Blitz May 23 Early 2023"]
[White "Senft, Sean"]
[Black "ChesscularGodofchess"]
[WhiteFideId "2044960"]
[WhiteElo "1989"]
[BlackElo "2088"]
[Result "1-0"]
[Round "02"]
[TimeControl "180+2"]
[Date "2023.05.23"]
[WhiteClock "0:00:19"]
[BlackClock "0:00:10"]

1. d4 d5 2. c4 c6 3. Nc3 dxc4 4. a4 e5 5. e3 exd4 6. exd4 Be6 7. Nf3 Nd7 8. Be2 Bb4 9. O-O Ngf6 10. Bg5 h6 11. Bh4 Qa5 12. Qc2 O-O 13. Rfc1 Rfe8 14. h3 Bxc3 15. bxc3 Bd5 16. Ne5 Nxe5 17. dxe5 Nd7 18. f4 Nc5 19. Rd1 Nb3 20. Ra2 Rab8 21. Qf5 Be6 22. Qe4 Bd5 23. Qe3 b5 24. Qg3 Qb6+ 25. Kh1 a6 26. Bf6 g6 27. Qh4 Kh7 28. Bg5 h5 29. Bxh5 Kg8 30. Bf6 Re6 31. Bg4 Rxf6 32. exf6 Qc5 33. Re2 Qf8 34. Rde1 bxa4 35. f5 a3 36. fxg6 fxg6 37. Be6+ Bxe6 38. Rxe6 Rb7 39. Re7 Nc5 40. Qh7# 1-0


[Site "https://www.chess.com"]

[Event "Titled Tuesday Blitz May 23 Early 2023"]
[White "Khromkin, Andrey"]
[Black "Hartikainen, Jarmo"]
[WhiteFideId "4154126"]
[BlackFideId "503134"]
[WhiteElo "2427"]
[BlackElo "2088"]
[Result "1-0"]
[Round "02"]
[TimeControl "180+2"]
[Date "2023.05.23"]
[WhiteClock "0:01:51"]
[BlackClock "0:00:20"]

1. d4 Nf6 2. c4 g6 3. Nf3 Bg7 4. Nc3 d5 5. g3 O-O 6. cxd5 Nxd5 7. Bg2 c5 8. O-O cxd4 9. Nxd4 Nxc3 10. bxc3 e5 11. Nb5 Nc6 12. Ba3 Re8 13. Nd6 Re6 14. Bd5 Rxd6 15. Bxd6 Bh3 16. Bg2 Bxg2 17. Kxg2 e4 18. Rb1 b6 19. Qd5 Na5 20. Rfd1 Rc8 21. Qxe4 Bxc3 22. Bb4 Qc7 23. Rbc1 Qb7 24. Qxb7 Nxb7 25. Rxc3 Rxc3 26. Bxc3 1-0


[Site "https://www.chess.com"]

[Event "Titled Tuesday Blitz May 23 Early 2023"]
[White "Kriti Mayur Patel"]
[Black "Zacurdajev, Dmitry"]
[WhiteFideId "35061780"]
[BlackFideId "4196309"]
[WhiteElo "1306"]
[BlackElo "2240"]
[Result "0-1"]
[Round "02"]
[TimeControl "180+2"]
[Date "2023.05.23"]
[WhiteClock "0:00:48"]
[BlackClock "0:01:49"]

1. e4 c6 2. d4 d5 3. exd5 cxd5 4. Bd3 Nc6 5. c3 Nf6 6. Bf4 Bg4 7. f3 Bh5 8. Ne2 e6 9. O-O Bg6 10. Bg3 Bd6 11. Nd2 Bxg3 12. Bxg6 Bxh2+ 13. Kxh2 hxg6+ 14. Kg1 Qc7 15. f4 Ng4 16. Rf3 O-O-O 17. Rc1 Qe7 18. c4 Qh4 19. Ng3 Nxd4 20. cxd5+ Kb8 21. Rd3 Qh2+ 22. Kf1 Qh1+ 23. Nxh1 Rxh1# 0-1


[Site "https://www.chess.com"]

[Event "Titled Tuesday Blitz May 23 Early 2023"]
[White "Vargas Rodriguez, Wilver"]
[Black "Gatterer, Florian"]
[WhiteFideId "3509672"]
[BlackFideId "811688"]
[WhiteElo "2246"]
[BlackElo "2221"]
[Result "1/2-1/2"]
[Round "02"]
[TimeControl "180+2"]
[Date "2023.05.23"]
[WhiteClock "0:02:39"]
[BlackClock "0:02:47"]

1. Nf3 g6 2. d4 Bg7 3. Bf4 Nf6 4. c3 d6 5. h3 O-O 6. e3 b6 7. Be2 Bb7 8. a4 a6 9. O-O Nbd7 10. Bh2 Re8 11. Na3 Ne4 1/2-1/2


[Site "https://www.chess.com"]

[Event "Titled Tuesday Blitz May 23 Early 2023"]
[White "Tarasova, Viktoriya"]
[Black "Necula, Iulian"]
[WhiteFideId "4175840"]
[BlackFideId "1232380"]
[WhiteElo "2182"]
[BlackElo "1790"]
[Result "1/2-1/2"]
[Round "02"]
[TimeControl "180+2"]
[Date "2023.05.23"]
[WhiteClock "0:00:18"]
[BlackClock "0:00:56"]

1. d4 d6 2. e4 Nf6 3. Nc3 Nbd7 4. f4 e5 5. Nf3 exd4 6. Qxd4 c6 7. Bc4 d5 8. exd5 Bc5 9. Qd3 O-O 10. Bd2 Qe7+ 11. Qe2 Qxe2+ 12. Bxe2 cxd5 13. O-O-O Ne4 14. Nxe4 dxe4 15. Ng5 Nf6 16. b4 Bb6 17. c4 h6 18. Nh3 e3 19. Bc3 Ne4 20. Be1 Bxh3 21. gxh3 Nf2 22. Bxf2 exf2 23. c5 Bc7 24. Rd4 Rad8 25. Rhd1 Rxd4 26. Rxd4 Re8 27. Kd2 Rd8 28. Rxd8+ Bxd8 29. Ke3 Bc7 30. Kxf2 Bxf4 31. Bf3 b6 32. Kg2 bxc5 33. bxc5 Kf8 34. c6 Ke8 35. Bd5 f6 36. Kf3 Bxh2 37. Ke4 Kd8 38. Kf5 Kc7 39. Kg6 Kd6 40. Bg2 Bf4 41. Kxg7 Bg5 42. Kg6 a5 43. Kf5 h5 44. Bf3 h4 45. Bg2 Kc7 46. Ke6 a4 47. Bf3 a3 48. Bg2 Bf4 49. Kxf6 Bg3 50. Ke6 Bf2 51. Kd5 Bg3 52. Kc4 Bd6 53. Kb3 Be7 54. Ka4 Bd6 55. Kb5 Be7 56. Ka4 Bd6 57. Kb5 Be7 58. Ka4 1/2-1/2


[Site "https://www.chess.com"]

[Event "Titled Tuesday Blitz May 23 Early 2023"]
[White "Aung Thant Zin"]
[Black "Kovalevsky, Stanislav"]
[WhiteFideId "13000063"]
[BlackFideId "13508598"]
[WhiteElo "2278"]
[BlackElo "2174"]
[Result "0-1"]
[Round "02"]
[TimeControl "180+2"]
[Date "2023.05.23"]
[WhiteClock "0:00:00"]
[BlackClock "0:00:31"]

1. e4 e6 2. d4 d5 3. Nc3 dxe4 4. Nxe4 Nf6 5. Bg5 Be7 6. Bxf6 gxf6 7. Nf3 a6 8. Bd3 b5 9. Qe2 Bb7 10. O-O-O Qd5 11. Kb1 Nd7 12. c4 bxc4 13. Bc2 Bb4 14. Nfd2 f5 15. Ng3 c3 16. Nf3 O-O-O 17. Bb3 Qa5 18. bxc3 Bxc3 19. Rc1 Rhg8 20. Rc2 Rxg3 21. hxg3 Be4 22. Ng5 Bxc2+ 23. Qxc2 Nf6 24. Nxf7 Rxd4 25. Rc1 Ne4 26. Bxe6+ Kb8 27. Rd1 Nd2+ 28. Rxd2 Rxd2 0-1


[Site "https://www.chess.com"]

[Event "Titled Tuesday Blitz May 23 Early 2023"]
[White "Mazurkiewicz, Michal"]
[Black "Singgih, Diajeng Theresa"]
[WhiteFideId "1124943"]
[BlackFideId "7104391"]
[WhiteElo "2054"]
[BlackElo "1891"]
[Result "1/2-1/2"]
[Round "02"]
[TimeControl "180+2"]
[Date "2023.05.23"]
[WhiteClock "0:00:54"]
[BlackClock "0:00:50"]

1. e4 e5 2. Nf3 Nc6 3. Bb5 a6 4. Bxc6 dxc6 5. O-O Bg4 6. h3 Bxf3 7. Qxf3 Qd7 8. d3 O-O-O 9. Nd2 Bd6 10. a4 g6 11. Nc4 f5 12. Bg5 Rf8 13. Qe3 Kb8 14. exf5 Qxf5 15. Rae1 Re8 16. f4 e4 17. Nxd6 cxd6 18. dxe4 Qd7 19. Qd4 Ne7 20. Rd1 d5 21. Qc5 h6 22. Bf6 Rhf8 23. Bxe7 Qxe7 24. Qxe7 Rxe7 25. exd5 cxd5 26. Rxd5 Re2 27. Rc5 Rd8 28. Rf2 Rd1+ 29. Rf1 Rdd2 30. Rc1 Rxg2+ 31. Kf1 Rdf2+ 32. Ke1 Re2+ 33. Kf1 Rgf2+ 34. Kg1 Rg2+ 35. Kf1 Rgf2+ 36. Kg1 Rg2+ 37. Kf1 1/2-1/2


[Site "https://www.chess.com"]

[Event "Titled Tuesday Blitz May 23 Early 2023"]
[White "Golubev, Mikhail"]
[Black "Castillo Pena, Patricia Evarista"]
[WhiteFideId "14100983"]
[BlackFideId "6412106"]
[WhiteElo "2374"]
[BlackElo "1919"]
[Result "1-0"]
[Round "02"]
[TimeControl "180+2"]
[Date "2023.05.23"]
[WhiteClock "0:01:39"]
[BlackClock "0:01:19"]

1. e4 c5 2. Ne2 d5 3. exd5 Qxd5 4. Nbc3 Qd8 5. d4 cxd4 6. Nxd4 e5 7. Bb5+ Bd7 8. Nf5 Nf6 9. O-O a6 10. Bxd7+ Qxd7 11. Qf3 Nc6 12. Bg5 Nd4 13. Nxd4 exd4 14. Rfe1+ Be7 15. Bxf6 gxf6 16. Nd5 1-0


[Site "https://www.chess.com"]

[Event "Titled Tuesday Blitz May 23 Early 2023"]
[White "Petrova, Irina"]
[Black "Lohani, Sujana"]
[WhiteFideId "14124122"]
[BlackFideId "12311987"]
[WhiteElo "2084"]
[BlackElo "1718"]
[Result "1-0"]
[Round "02"]
[TimeControl "180+2"]
[Date "2023.05.23"]
[WhiteClock "0:00:31"]
[BlackClock "0:00:00"]

1. e4 c5 2. Nf3 Nc6 3. Bb5 Nd4 4. Nxd4 cxd4 5. O-O g6 6. d3 Bg7 7. f4 Qb6 8. Bc4 e6 9. Nd2 Ne7 10. Nf3 O-O 11. Bb3 f5 12. e5 Nc6 13. Qe1 h6 14. Qg3 Kh7 15. Nh4 Ne7 16. Bd2 Rg8 17. a3 a5 18. Nf3 Bf8 19. Qh4 Kg7 20. Be1 Nc6 21. Qf6+ Kh7 22. Qf7+ Kh8 23. Bh4 Nd8 24. Bf6+ Bg7 25. Qxg6 Bxf6 26. Qxf6+ Kh7 27. Kh1 Nc6 28. Ng5+ 1-0


[Site "https://www.chess.com"]

[Event "Titled Tuesday Blitz May 23 Early 2023"]
[White "Mazarini41"]
[Black "Semenova, Alina"]
[BlackFideId "24113875"]
[WhiteElo "2409"]
[BlackElo "1833"]
[Result "1-0"]
[Round "02"]
[TimeControl "180+2"]
[Date "2023.05.23"]
[WhiteClock "0:00:55"]
[BlackClock "0:00:00"]

1. d4 d5 2. Nf3 Nf6 3. c4 e6 4. g3 Be7 5. Bg2 O-O 6. O-O dxc4 7. Qc2 a6 8. a4 Nc6 9. Qxc4 Qd5 10. Nbd2 Na5 11. Qc2 c5 12. e4 Qc6 13. Ne5 Qc7 14. b4 Nc6 15. Nxc6 Qxc6 16. bxc5 b6 17. Nb3 bxc5 18. dxc5 Bb7 19. Na5 Qc7 20. Nxb7 Qxb7 21. Bg5 Rac8 22. Bxf6 gxf6 23. e5 Qc7 24. exf6 Bxf6 25. Rac1 Bg5 26. f4 Bf6 27. c6 Bd4+ 28. Kh1 Qb6 29. f5 exf5 30. Qxf5 f6 31. Be4 Rc7 32. a5 Qb4 33. Qd5+ Kh8 34. Rc4 Qb3 35. Qxd4 1-0


[Site "https://www.chess.com"]

[Event "Titled Tuesday Blitz May 23 Early 2023"]
[White "stratacticos"]
[Black "Dwilewicz, Katarzyna"]
[BlackFideId "1148486"]
[WhiteElo "1889"]
[BlackElo "2065"]
[Result "1/2-1/2"]
[Round "02"]
[TimeControl "180+2"]
[Date "2023.05.23"]
[WhiteClock "0:01:03"]
[BlackClock "0:00:23"]

1. e4 c5 2. b4 cxb4 3. a3 bxa3 4. Nxa3 e5 5. Nf3 Nc6 6. Nc4 d6 7. Be2 Nf6 8. d3 Be7 9. O-O O-O 10. h3 Be6 11. Ne3 h6 12. c4 a5 13. Ba3 Nd7 14. Nd5 Nc5 15. Nxe7+ Qxe7 16. Re1 f5 17. exf5 Rxf5 18. d4 exd4 19. Nxd4 Nxd4 20. Qxd4 Re5 21. Rab1 Re8 22. Bf3 Rxe1+ 23. Rxe1 Qf6 24. Bxc5 dxc5 25. Qxc5 Rc8 26. Qxa5 Rxc4 27. Qa8+ Kh7 28. Qxb7 Rf4 29. Be4+ Bf5 30. Bxf5+ Qxf5 31. f3 Rd4 32. Qb1 Qxb1 33. Rxb1 Rd2 34. Kh2 Kg6 35. Kg3 h5 36. h4 Kh6 37. Rb6+ g6 38. Kh3 Rf2 39. Kg3 Rd2 40. Kh3 Rf2 41. Kg3 Rd2 1/2-1/2


[Site "https://www.chess.com"]

[Event "Titled Tuesday Blitz May 23 Early 2023"]
[White "Vargas, Mauricio"]
[Black "Szyszylo, Rafal"]
[WhiteFideId "4404572"]
[BlackFideId "1109626"]
[WhiteElo "1986"]
[BlackElo "1951"]
[Result "0-1"]
[Round "02"]
[TimeControl "180+2"]
[Date "2023.05.23"]
[WhiteClock "0:00:00"]
[BlackClock "0:01:06"]

1. e4 d6 2. f4 g6 3. Nf3 Bg4 4. Be2 c5 5. O-O Nc6 6. d3 Bg7 7. c3 e6 8. Qe1 Nge7 9. Nbd2 b5 10. Qg3 Bxf3 11. Nxf3 b4 12. Bd2 a5 13. Qh3 Qb6 14. Kh1 a4 15. Rab1 O-O 16. f5 exf5 17. Bh6 f6 18. d4 cxd4 19. Bc4+ Kh8 20. cxd4 fxe4 21. Nh4 Qxd4 22. Be6 Qe5 23. Bg4 Bxh6 24. Nxg6+ Nxg6 0-1


[Site "https://www.chess.com"]

[Event "Titled Tuesday Blitz May 23 Early 2023"]
[White "Jakubowska, Anna"]
[Black "Sanchez, Robert"]
[WhiteFideId "1121952"]
[BlackFideId "2034360"]
[WhiteElo "2001"]
[BlackElo "1840"]
[Result "1-0"]
[Round "02"]
[TimeControl "180+2"]
[Date "2023.05.23"]
[WhiteClock "0:00:32"]
[BlackClock "0:00:46"]

1. e4 d5 2. exd5 Qxd5 3. Nc3 Qe6+ 4. Nge2 Nf6 5. d4 g6 6. d5 Qd7 7. Bf4 Bg7 8. Qd2 O-O 9. O-O-O a6 10. Ng3 b5 11. Nce4 Nxe4 12. Nxe4 Qf5 13. f3 Rd8 14. g4 Qd7 15. Nc5 Qe8 16. Bxc7 Nd7 17. Bxd8 Qxd8 18. Nxd7 Qxd7 19. Kb1 a5 20. c4 a4 21. c5 a3 22. b3 Qc7 23. Qe3 Bd7 24. c6 Rc8 25. Bxb5 Be8 26. f4 Qa5 27. Bc4 h6 28. Rd3 Qc7 29. Re1 Qd6 30. Qxe7 Qxf4 31. d6 Bxc6 32. d7 Bxd7 33. Qxf7+ Qxf7 1-0


[Site "https://www.chess.com"]

[Event "Titled Tuesday Blitz May 23 Early 2023"]
[White "Butolo, Alexandru-Mircea"]
[Black "Mogirzan, Matei-Valeriu"]
[WhiteFideId "1261649"]
[BlackFideId "1257455"]
[WhiteElo "1850"]
[BlackElo "1733"]
[Result "0-1"]
[Round "02"]
[TimeControl "180+2"]
[Date "2023.05.23"]
[WhiteClock "0:00:01"]
[BlackClock "0:00:36"]

1. e4 e5 2. Nf3 Nf6 3. Nxe5 Nc6 4. Nxc6 dxc6 5. Bc4 Bc5 6. O-O Ng4 7. c3 Qh4 8. h3 Nxf2 9. Bxf7+ Kd8 10. Qh5 Nxh3+ 11. Kh2 Bd6+ 12. e5 Qxh5 13. Bxh5 Bxe5+ 14. g3 g6 15. Be2 h5 16. d4 Bd6 17. Kg2 g5 18. Nd2 h4 19. Ne4 Be7 20. g4 Nf4+ 21. Bxf4 gxf4 22. Rxf4 Be6 23. Raf1 Bd5 24. c4 Be6 25. Kh3 b6 26. Bd3 Kd7 27. Nf6+ Kc8 28. Bf5 Bxf5 29. Rxf5 Kb7 30. Ne4 Rad8 31. d5 cxd5 32. cxd5 Rhe8 33. Re5 Bb4 34. Rxe8 Rxe8 35. Nc3 Rh8 36. Rf5 Be7 37. Rh5 Rf8 38. Rf5 Rd8 39. Ne4 c6 40. dxc6+ Kxc6 41. g5 Rd4 42. Nf6 Bf8 43. Ng4 Bg7 44. Kxh4 Rd1 45. Kh5 Bxb2 46. Kg6 Rd6+ 47. Nf6 Kc7 48. Kg7 Kd8 49. Re5 Bxe5 0-1


[Site "https://www.chess.com"]